 Dungeon Crawl Stone Soup version 0.31-a0-255-g9c3d1c461a (webtiles) character file.

Game seed: 7468094014035736545

18 qw the Shooter (level 2, -3/16 HPs)
             Began as a Gargoyle Hexslinger on July 12, 2023.
             Slain by Terence
             ... wielding a +0 flail
              (4 damage)
             ... on level 2 of the Dungeon.
             The game lasted 00:00:18 (883 turns).

qw the Shooter (Gargoyle Hexslinger)                 Turns: 883, Time: 00:00:19

Health: -3/16      AC:  8    Str: 11    XL:     2   Next: 66%
Magic:  3/3        EV: 10    Int: 13    God:
Gold:   29         SH:  0    Dex: 12    Spells: 2/3 levels left

rFire   . . .        Y - +1 sling
rCold   . . .        (no shield)
rNeg    + . .        h - +0 ring mail
rPois   inf          l - +0 helmet
rElec   +            (no cloak)
rCorr   .            (no gloves)
SInv    .            (no boots)
Will    .....        i - amulet of the acrobat
Stlth   +            (no ring)
HPRegen 0.22/turn    (no ring)
MPRegen 0.08/turn

%: acrobat
@: no status effects
A: sickness immunity, AC +2, negative energy resistance 1, electricity
resistance, torment resistance 1, petrification resistance
a: no special abilities


You were on level 2 of the Dungeon.
You visited 1 branch of the dungeon, and saw 2 of its levels.

You collected 29 gold pieces.


Innate Abilities, Weirdness & Mutations

You are immune to sickness and miasma.
Your stone body is resilient. (AC +2)
You are immune to poison.
You resist negative energy. (rN+)
You are resistant to electric shocks. (rElec)
You are resistant to unholy torment.
You are immune to petrification.


   Skills:
 + Level 1.5 Fighting
 - Level 3.0 Ranged Weapons
 - Level 1.5 Dodging
 - Level 1.0 Spellcasting
 - Level 2.6 Hexes


You had 2 spell levels left.
You knew the following spells:

 Your Spells              Type           Power      Damage    Failure   Level
a - Slow                  Hex            28%        N/A       22%         1

Your spell library contained the following spells:

 Spells                   Type           Power      Damage    Failure   Level
 Inner Flame              Hex/Fire       4%         N/A       75%         3
 Portal Projectile        Hex/Tloc       8%         N/A       75%         3
 Cause Fear               Hex            3%         N/A       92%         4

Inventory:

Hand Weapons
 Y - a +1 sling (weapon)
Armour
 h - a +0 ring mail (worn)
 l - a +0 helmet (worn)
Jewellery
 i - an amulet of the acrobat (around neck)
Scrolls
 a - a scroll of teleportation {unknown}
Potions
 d - a potion of berserk rage {unknown}
 j - a potion of lignification {unknown}
 k - a potion of ambrosia {unknown}
 m - a potion of mutation {unknown}

Dungeon Overview and Level Annotations

Branches:
Dungeon (2/15)

Altars:

Annotations:
D:2 Terence


Message History

Terence hits you but does no damage.
You shoot a sling bullet. The sling bullet hits Terence.
Terence is lightly wounded.
Terence hits you but does no damage.
You shoot a sling bullet. The sling bullet barely misses Terence.
Terence barely misses you. Terence hits you with a +0 flail.
You shoot a sling bullet.
The sling bullet hits Terence but does no damage.
Terence is lightly wounded.
Terence hits you but does no damage.
You shoot a sling bullet. The sling bullet barely misses Terence.
Terence barely misses you. Terence hits you with a +0 flail.
You shoot a sling bullet. The sling bullet hits Terence.
Terence is moderately wounded.
Terence hits you with a +0 flail.
You shoot a sling bullet.
The sling bullet hits Terence but does no damage.
Terence is moderately wounded.
Terence hits you with a +0 flail. Terence misses you.
You shoot a sling bullet. The sling bullet barely misses Terence.
Terence hits you with a +0 flail.
You shoot a sling bullet. The sling bullet barely misses Terence.
Terence closely misses you.
You shoot a sling bullet.
The sling bullet closely misses Terence.
The endoplasm jiggles.
Terence barely misses you. Terence hits you with a +0 flail.
You shoot a sling bullet. The sling bullet hits Terence.
Terence is moderately wounded.
Terence closely misses you.
You shoot a sling bullet.
The sling bullet hits Terence but does no damage.
Terence is moderately wounded.
Terence misses you. Terence hits you with a +0 flail.
You shoot a sling bullet. The sling bullet hits Terence.
Terence is moderately wounded.
Terence barely misses you.
You shoot a sling bullet. The sling bullet barely misses Terence.
Terence hits you with a +0 flail.
You die...

####### #####.....#
###)....###)# #
##..P.#..# #.# #.
#.P77....###.#
.##.#.####.7P..P)..<#.#
......@.##P7P_.P#####.#
#@##.P7...#####.#
#.....P.........#
######..#########
................
################


You could see Terence.

Vanquished Creatures
  A giant cockroach (D:1)
  3 goblins (D:1)
  3 hobgoblins (D:1)
  A quokka (D:1)
  A frilled lizard (D:1)
  5 kobolds
  3 rats (D:1)
17 creatures vanquished.

Notes
Turn   | Place    | Note
-------+----------+-------------------------------------------
     0 | D:1      | qw the Gargoyle Hexslinger began the quest for the Orb.
     0 | D:1      | Reached XP level 1. HP: 12/12 MP: 2/2
     0 | D:1      | 0 ||| qw: Version: 0.3-a-52-g30416fa
     0 | D:1      | 0 ||| qw: Game counter: 6680
     0 | D:1      | 0 ||| qw: Melee chars always use a shield: true
     0 | D:1      | 0 ||| qw: God list: Okawaru
     0 | D:1      | 0 ||| qw: Allow faded altars: false
     0 | D:1      | 0 ||| qw: Do Orc after clearing Dungeon:15 true
     0 | D:1      | 0 ||| qw: Do second Lair branch before Depths: true
     0 | D:1      | 0 ||| qw: Lair rune preference: random
     0 | D:1      | 0 ||| qw: Goals: Normal
     0 | D:1      | 0 ||| PLANNING D:1-11
   167 | D:1      | Reached XP level 2. HP: 8/16 MP: 3/3
   621 | D:1      | Reached skill level 3 in Ranged Weapons
   746 | D:1      | 746 ||| UPGRADING to +0 leather armour.
   756 | D:1      | 756 ||| DROPPING +0 robe.
   757 | D:1      | 757 ||| UPGRADING to +0 ring mail.
   767 | D:1      | 767 ||| DROPPING +0 leather armour.
   768 | D:1      | 768 ||| UPGRADING to +0 helmet.
   773 | D:1      | 773 ||| UPGRADING to amulet of the acrobat.
   778 | D:1      | 778 ||| READING scroll labelled CUKICI MYNOXT.
   779 | D:1      | 779 ||| READING scroll labelled USHIDAUGUC.
   780 | D:1      | 780 ||| DROPPING scroll of poison.
   821 | D:2      | Found a faded altar of an unknown god.
   866 | D:2      | Noticed Terence
   881 | D:2      | HP: 1/16 [Terence/+0 flail (6)]
   883 | D:2      | Slain by Terence

Levels and vault maps discovered:
D:1:      dpeg_arrival_rooms_with_view, layout_loops_ring
D:2:      layout_basic, ebering_ecumenical_altar_petrified, minmay_tromino_i4,
          uniq_terence, uniq_natasha

Skill      XL: |  1  2 |
---------------+-------+-----
Ranged Weapons | 3 |  3.0
Fighting       | |  1.5
Dodging        | |  1.5
Spellcasting   | |  1.0
Hexes          | |  2.6

Action                     || total
---------------------------++-------
   Fire: Sling             ||    71
    Use: Scroll            ||     2
 Armour: Robe              ||     3
         Ring mail         ||     7
  Dodge: Dodged            ||    31

Table legend:
 A = Non-vault XP
 B = Vault XP
 C = Vault XP percentage of total XP
 D = Non-vault monster count
 E = Vault monster count
 F = Vault count percentage of total count
                 A         B        C        D         E       F
            +---------+---------+-------+---------+---------+-------
      Total |      22 |       4 |  15.4 |      15 |       2 |  11.8
            +---------+---------+-------+---------+---------+-------
        D:1 |      17 |       4 |  19.0 |      12 |       2 |  14.3
        D:2 |       5 |       0 |   0.0 |       3 |       0 |   0.0
            +---------+---------+-------+---------+---------+-------
